Map: 애씨드 플랜트 - 래더

Players

lIIllllIIlll (INnoVation)

  • Race: Terran Terran
  • League: Master
  • Spawn Location: 5:00

PartinG - Winner!

  • Race: Protoss Protoss
  • League: Master
  • Spawn Location: 11:00

Event: HomeStory Cup XVII

VOD

Have the link to the VOD?

Description

Time

  • Played on: June 29, 2018, 12:56 p.m.
  • Length: 5:11

All games in this series

Show
View Real Time Build Order
Export as new Build Order

lIIllllIIlll Terran 

Build Orders: Gas First Reaper Expand, Reaper Expand 

Get SALT Encoding   

  12  0:00  SCV  
  13  0:13  SCV  
  14  0:17  Supply Depot  
  14  0:25  SCV  
  14  0:27  Refinery  
  15  0:38  SCV  
  16  0:44  Barracks  
  16  0:50  SCV  
  17  1:03  SCV  
  18  1:15  SCV  
  19  1:30  Orbital Command  
  19  1:31  Reaper  
  20  1:46  Command Center  
  20  1:55  Factory  
  20  1:58  SCV  
  21  2:04  Barracks Reactor  
  21  2:10  SCV  
  21  2:13  Supply Depot  
  22  2:16  Refinery  
  22  2:22  SCV  
  23  2:35  SCV  
  24  2:39  Widow Mine  
  24  2:40  Marine x2  
  28  2:47  Starport  
  28  2:48  SCV  
  28  2:58  Marine x2  
  28  3:00  SCV  
  31  3:12  SCV  
  31  3:13  Widow Mine  
  31  3:14  Orbital Command  
  31  3:17  Marine x2  
  35  3:24  Medivac, SCV  
  38  3:31  Barracks  
  38  3:37  Widow Mine, SCV  
  38  3:40  SCV  
  42  3:45  Supply Depot  
  42  3:49  SCV  
  42  3:54  Barracks  
  43  3:57  SCV  
  43  3:58  Factory Tech Lab  
  43  4:01  SCV  
  45  4:05  Engineering Bay  
  45  4:06  Marine  
  45  4:07  Marine  
  47  4:11  SCV  
  47  4:13  SCV  
  49  4:17  Bunker  
  49  4:21  Siege Tank  
  50  4:26  Marine x2  
  50  4:29  Marine  
  51  4:33  Supply Depot  
  49  4:42  Supply Depot  
  49  4:44  Marine x2  
  49  4:46  Marine x2  
Show
View Real Time Build Order
Export as new Build Order

PartinG Protoss - Winner!

Build Orders: 1 Gate Expand 

Get SALT Encoding   

  12  0:01  Probe  
  13  0:13  Probe  
  14  0:18  Pylon  
  14  0:24  Probe  
  15  0:32  Probe  
  15  0:37  Gateway  
  15  0:40  Probe  
  16  0:46  Assimilator  
  17  0:51  Probe  
  18  1:03  Probe  
  19  1:15  Probe  
  20  1:24  Cybernetics Core  
  20  1:32  Nexus  
  20  1:40  Pylon  
  20  1:47  Assimilator  
  20  1:49  Probe  
  20  1:51  Adept, Warp Gate  
  23  2:03  Probe  
  24  2:09  Stalker  
  24  2:15  Probe  
  28  2:30  Probe  
  28  2:37  Stalker  
  28  2:39  Robotics Facility  
  30  2:59  Gateway  
  30  3:00  Gateway  
  30  3:07  Stalker  
  32  3:15  Warp Prism  
  32  3:16  Probe x2  
  34  3:30  Probe x2  
  36  3:42  Probe x2  
  38  3:54  Stalker x3  
  44  4:01  Observer, Pylon  
  45  4:03  Probe  
  45  4:07  Pylon  
  46  4:19  Probe x2  
  48  4:27  Stalker x3  
  48  4:30  Observer  
  55  4:31  Probe  
  56  4:39  Probe  
  56  4:43  Probe  
  58  4:51  Stalker x2  
Tags
 
Add a new tag
Caveats
  • Supply blocks, unpowered buildings, or Contaminate may cause inaccurate times.
  • Supply counts are checked every 10 seconds.